 Dungeon Crawl Stone Soup version 0.20.2-3-g29329e0561 (webtiles) character file.

277 Alfie the Skirmisher (level 6, 0/55 HPs)
             Began as a Hill Orc Fighter on Mar 6, 2024.
             Slain by an ogre
             ... wielding a +0 giant club
              (16 damage)
             ... on level 4 of the Dungeon.
             The game lasted 00:05:48 (2534 turns).

Alfie the Skirmisher (Hill Orc Fighter)             Turns: 2534, Time: 00:05:48

Health: 0/55       AC:  7    Str: 21    XL:     6   Next: 26%
Magic:  15/15      EV:  8    Int:  8    God:
Gold:   100        SH:  9    Dex: 10    Spells: 5/5 levels left

rFire    . . .     SeeInvis .   a - +0 rapier
rCold    . . .     Gourm    .   c - +0 shield
rNeg     . . .     Faith    .   b - +0 scale mail
rPois    .         Spirit   .   (no helmet)
rElec    .         Reflect  .   (no cloak)
rCorr    .         Harm     .   (no gloves)
MR       +....                  (no boots)
Stlth    ..........             (no amulet)
Regen    0.2/turn               i - ring of protection from magic
MPRegen  0.2/turn               r - ring of magical power

@: no status effects
A: no striking features
a: no special abilities


You were on level 4 of the Dungeon.
You were not hungry.

You visited 1 branch of the dungeon, and saw 4 of its levels.

You collected 100 gold pieces.

Inventory:

Hand Weapons
 a - a +0 rapier (weapon)
Missiles
 x - 6 tomahawks (quivered)
Armour
 b - a +0 scale mail (worn)
 c - a +0 shield (worn)
Jewellery
 i - a ring of protection from magic (left hand)
 r - a ring of magical power (right hand)
Scrolls
 e - a scroll of immolation {unknown}
 g - a scroll of identify {unknown}
 j - 3 scrolls of blinking {unknown}
 m - a scroll of noise {unknown}
 o - 2 scrolls of teleportation {unknown}
 p - 2 scrolls of enchant weapon {unknown}
 s - a scroll of random uselessness {unknown}
 t - 2 scrolls of magic mapping {unknown}
 w - a scroll of remove curse {unknown}
Potions
 d - 3 potions of might
 h - 2 potions of curing {unknown}
 l - a potion of heal wounds {unknown}
 n - a potion of ambrosia {unknown}
 q - a potion of flight {unknown}
 u - a potion of brilliance {unknown}
 v - a potion of haste {unknown}
Comestibles
 f - a bread ration
 k - 2 meat rations


   Skills:
 + Level 4.9 Fighting
 + Level 4.0 Short Blades
 + Level 4.5 Armour
 + Level 1.1 Dodging
 + Level 4.1 Shields


You had 5 spell levels left.
You didn't know any spells.

Dungeon Overview and Level Annotations

Branches:
Dungeon (4/15)             Temple (0/1) D:4

Altars:
Ashenzari
Dithmenos
Ru
Sif Muna
Trog
Vehumet

Shops:
D:4 :


Message History

You hit the worker ant.
The worker ant is almost dead.
You feel sick.
The worker ant bites you but does no damage.
The worker ant closely misses you.
You hit the worker ant but do no damage.
The worker ant is almost dead.
The worker ant barely misses you.
You puncture the worker ant!
You kill the worker ant!
You feel sick.
You see here a worker ant corpse.
You feel sick.
You feel sick.
There is a staircase to the Ecumenical Temple here.
You feel sick.
You are no longer poisoned.
An ogre comes into view. It is wielding a giant club.
The ogre hits you with a giant club!
You die...

#.#....PP# #.#
#.# ......P...#
#.# #.#
##.####..####.#
#.#
#............#
#.#
######.#######
#.# #.# .# #.#
#.# #@# #O# #.#
#.# #.# #.# ..#
#.#


You could see an ogre.

Vanquished Creatures
  A phantom (D:4)
  A centaur zombie (D:3)
  A hound (D:4)
  2 worker ants (D:4)
  3 adders
  An ooze (D:1)
  2 worms (D:3)
  2 dart slugs
  5 bats
  A goblin (D:1)
  6 hobgoblins
  4 jackals (D:3)
  2 quokkas
  2 ball pythons
  2 frilled lizards
  2 kobolds
  5 rats
42 creatures vanquished.

Notes
Turn   | Place    | Note
-------+----------+-------------------------------------------
     0 | D:1      | Alfie the Hill Orc Fighter began the quest for the Orb.
     0 | D:1      | Reached XP level 1. HP: 19/19 MP: 1/1
   306 | D:1      | Reached XP level 2. HP: 27/27 MP: 2/2
   948 | D:2      | Found a sacrificial altar of Ru.
   974 | D:2      | Found a bloodstained altar of Trog.
  1057 | D:2      | Reached XP level 3. HP: 26/33 MP: 3/3
  1417 | D:3      | Found a shadowy altar of Dithmenos.
  1593 | D:3      | Found a radiant altar of Vehumet.
  1687 | D:3      | Reached XP level 4. HP: 34/40 MP: 4/4
  2205 | D:4      | Found a shattered altar of Ashenzari.
  2205 | D:4      | Noticed a phantom
  2248 | D:4      | Killed a phantom
  2248 | D:4      | Reached skill level 1 in Dodging
  2248 | D:4      | Reached XP level 5. HP: 16/47 MP: 5/5
  2255 | D:4      | Found a deep blue altar of Sif Muna.
  2287 | D:4      | Reached XP level 6. HP: 17/53 MP: 6/6
  2293 | D:4      | Found Labas's Book Shoppe.
  2500 | D:4      | Found a staircase to the Ecumenical Temple.
  2534 | D:4      | Slain by an ogre

Skill      XL: |  1  2  3  4  5  6 |
---------------+-------------------+-----
Fighting       | 4 |  4.9
Short Blades   | 3 4 |  4.0
Armour         | 4 |  4.5
Dodging        | 1 |  1.1
Shields        | 4 |  4.1

Action                   |  1- 3 |  4- 6 || total
-------------------------+-------+-------++-------
Melee: Rapier            |    91 |   110 ||   201
  Eat: Bread ration      |     1 |     1 ||     2
Armor: Scale mail        |    55 |    43 ||    98
Dodge: Dodged            |    31 |    32 ||    63
Block: Shield            |    42 |    45 ||    87
